 Dungeon Crawl Stone Soup version 0.29-a0-284-gf9362112df (webtiles) character file.

Game seed: 11326537696404337565

23 Bapho the Ducker (level 2, 10/14 HPs)
             Began as a Felid Berserker on Mar 15, 2022.
             Was a Follower of Trog.
             Quit the game on level 1 of the Dungeon.
             The game lasted 00:01:16 (874 turns).

Bapho the Ducker (Felid Berserker)                   Turns: 874, Time: 00:01:17

Health: 10/14      AC:  1    Str: 13    XL:     2   Next: 75%
Magic:  3/3        EV: 18    Int:  8    God:    Trog [*.....]
Gold:   38         SH:  0    Dex: 15    Spells: 1/1 levels left
                                        Lives:  0   Deaths: 0

rFire   . . .      SeeInvis +     - Unarmed
rCold   . . .      Faith    .   (shield unavailable)
rNeg    . . .      Spirit   .   (body armour unavailable)
rPois   .          Reflect  .   (helmet unavailable)
rElec   .          Harm     .   (cloak unavailable)
rCorr   .          Rampage  .   (gloves unavailable)
Will    .....                   (boots unavailable)
Stlth   +.........              (no amulet)
HPRegen 0.04/turn               (no ring)
MPRegen 0.08/turn               (no ring)

@: quick
A: very small, claws 1, fangs 3, see invisible, speed 1, shaggy fur 1, stealthy
paws, no weapons or thrown items, no armour, multi-lived
a: Renounce Religion, Berserk


You were on level 1 of the Dungeon.
You worshipped Trog.
Trog was aware of your devotion.
You visited 1 branch of the dungeon, and saw 1 of its levels.

You collected 38 gold pieces.

Inventory:

Jewellery
 e - a ring of positive energy
 g - a +6 ring of dexterity
Scrolls
 a - a scroll of blinking {unknown}
 b - 2 scrolls of identify {unknown}
 d - a scroll of enchant armour {unknown}
 f - a scroll of summoning {unknown}
 h - a scroll of teleportation {unknown}


   Skills:
 + Level 3.3 Fighting
 + Level 4.5 Dodging
 + Level 3.3 Unarmed Combat


You had one spell level left.
You didn't know any spells.
Your spell library was empty.

Dungeon Overview and Level Annotations

Branches:
Dungeon (1/15)

Altars:


Innate Abilities, Weirdness & Mutations

You have sharp claws.
You have razor-sharp teeth.
You have supernaturally acute eyesight. (SInv)
You cover ground quickly. (Speed+)
You are covered in fur. (AC +1)
Your paws help you pounce on unaware monsters.
You are incapable of wielding weapons or throwing items.
You cannot wear armour.
You gain extra lives every three experience levels.


Message History

You scratch the giant cockroach but do no damage.
The giant cockroach misses you.
You closely miss the giant cockroach. You bite the giant cockroach.
The giant cockroach is almost dead.
The giant cockroach misses you. x2
You completely miss the giant cockroach.
The giant cockroach is almost dead.
The giant cockroach barely misses you.
You claw the giant cockroach!
You kill the giant cockroach!
Trog accepts your kill.
No target in view!
No target in view!
You see here a +0 robe.
Found a stone staircase leading down.
You drop 56 stones.
A quokka comes into view.
A quokka is nearby!
A quokka is nearby!
A quokka is nearby!
A quokka is nearby!
A hobgoblin comes into view.
The hobgoblin shouts!
You scratch the quokka but do no damage.
The quokka completely misses you.
You barely miss the quokka. The quokka bites you.
You barely miss the quokka. Your claw misses the quokka.
The quokka closely misses you.
You closely miss the quokka. The quokka closely misses you.
You closely miss the quokka. The quokka closely misses you.
You claw the quokka!
You kill the quokka!
Trog accepts your kill.
You scratch the hobgoblin.
The hobgoblin is moderately wounded.
The hobgoblin misses you.
You scratch the hobgoblin.
You kill the hobgoblin!
Trog accepts your kill.
Are you sure you want to abandon this character and quit the game? (Confirm with "yes".)

........# #..####.###
#.#####.# #..........
#.#####.# #..........
.........
########...###.##.
#.#####..
..........)#......
........#
#.######...#......
#.####### #.# #.###......
#.# # #># #.# #...... #.#
#. #@# #.# #...... #..
####.##.# #.# ###.... ###
........######.# #....
####.#
.####....#......#####...#
..†..# #.#
###.................
.##### #.#
##.....#########..# .#
#.# #.(.##[#### #..# .#
#.# #.#.......# #..# .#
#.# #...##.##.# #..#


There were no monsters in sight!

Vanquished Creatures
  3 ball pythons (D:1)
  2 endoplasms (D:1)
  2 giant cockroaches (D:1)
  A goblin (D:1)
  4 hobgoblins (D:1)
  3 kobolds (D:1)
  2 quokkas (D:1)
  A bat (D:1)
  A frilled lizard (D:1)
19 creatures vanquished.

Notes
Turn   | Place    | Note
-------+----------+-------------------------------------------
     0 | D:1      | Bapho the Felid Berserker began the quest for the Orb.
     0 | D:1      | Reached XP level 1. HP: 10/10 MP: 2/2
   368 | D:1      | Reached XP level 2. HP: 13/14 MP: 3/3
   874 | D:1      | Quit the game

Illustrated notes

Levels and vault maps discovered:
D:1:      heliophobic_arrival_battle_scene, layout_loops_ring,
          hellmonk_ecumenical_altar_blasted

Action                   || total
-------------------------++-------
Melee: Unarmed           ||    63
       Bite              ||     6
Armor: Skin              ||     4
Dodge: Dodged            ||    47

Table legend: (Time is in decaauts)
 A = Elapsed time spent in this place.
 B = Non-inter-level travel time spent in this place.
 C = Inter-level travel time spent in this place.
 D = Time resting spent in this place.
 E = Time spent auto-exploring this place.
 F = Levels seen in this place.
 G = Mean time per level.
                   A        B        C        D        E       F      G
               +--------+--------+--------+--------+--------+-----+--------+
         Total |    807 |    807 |      0 |      0 |    680 |   1 |  807.0 |
       Dungeon |    807 |    807 |      0 |      0 |    680 |   1 |  807.0 |
               +--------+--------+--------+--------+--------+-----+--------+

Top non-repeatable levels by time:
     D:1: 807 daAuts
